Map: Nightshade LE

Players

SpeCial - Winner!

  • Race: Terran Terran
  • League: Master
  • Spawn Location: 5:00

TIME (Oliveira)

  • Race: Terran Terran
  • League: Grandmaster
  • Spawn Location: 11:00

Event: Shopify TSL 5

VOD

Have the link to the VOD?

Description

Time

  • Played on: May 16, 2020, 11 a.m.
  • Length: 13:27

All games in this series

Show
View Real Time Build Order
Export as new Build Order

SpeCial Terran - Winner!

Build Orders: Gas First Reaper Expand 

Get SALT Encoding   

  12  0:00  SCV  
  13  0:13  SCV  
  14  0:17  Supply Depot  
  14  0:25  SCV  
  14  0:28  Refinery  
  15  0:39  SCV  
  16  0:43  Barracks  
  16  0:51  SCV  
  17  1:03  SCV  
  18  1:15  SCV  
  19  1:31  Reaper, Orbital Command  
  20  1:42  Command Center  
  20  1:53  Factory  
  20  1:57  SCV  
  21  2:05  Supply Depot  
  21  2:06  Reaper  
  22  2:11  SCV  
  23  2:17  Refinery  
  23  2:27  SCV  
  24  2:38  Hellion, Marine  
  24  2:39  SCV  
  28  2:44  Starport  
  29  2:51  SCV  
  29  2:54  Orbital Command  
  29  2:58  Barracks Tech Lab  
  29  3:02  Hellion  
  29  3:03  SCV  
  32  3:15  SCV  
  33  3:20  SCV  
  33  3:24  Barracks Reactor  
  33  3:25  Factory Tech Lab  
  34  3:28  Banshee  
  34  3:29  SCV  
  34  3:32  SCV  
  39  3:35  Refinery  
  38  3:41  SCV  
  38  3:44  Cyclone  
  38  3:45  SCV  
  43  3:50  Supply Depot  
  43  3:54  SCV  
  44  3:57  SCV  
  44  4:01  Marine  
  46  4:06  Supply Depot  
  46  4:11  SCV, Raven, Marine  
  46  4:15  Command Center  
  46  4:17  SCV  
  51  4:21  Marine  
  51  4:23  SCV  
  53  4:28  Siege Tank  
  53  4:29  SCV  
  57  4:31  Supply Depot  
  57  4:35  SCV, Marine  
  59  4:39  Marine  
  59  4:41  SCV  
  59  4:43  Supply Depot  
  61  4:48  SCV  
  59  4:53  SCV, Refinery  
  60  5:00  SCV, Siege Tank  
  60  5:04  Viking x2  
  60  5:05  SCV  
  69  5:07  Marine  
  69  5:11  Stimpack  
  69  5:13  SCV  
  71  5:17  SCV  
  72  5:25  Marine  
  72  5:27  SCV  
  74  5:32  Barracks, Orbital Command  
  74  5:33  Barracks, Siege Tank  
  74  5:35  SCV  
  76  5:39  SCV  
  76  5:42  Viking  
  79  5:43  Marine  
  79  5:44  Viking  
  82  5:53  Orbital Command  
  82  5:58  Engineering Bay  
  82  5:59  Engineering Bay  
  82  6:01  Marine  
  82  6:03  SCV  
  82  6:05  Siege Tank  
  82  6:06  SCV  
  82  6:11  Supply Depot  
  83  6:15  SCV  
  83  6:18  SCV x2, Marine  
  86  6:21  Barracks Reactor x2  
  86  6:23  Viking  
  89  6:27  SCV  
  89  6:28  Viking  
  89  6:30  SCV  
  93  6:33  SCV  
  93  6:34  Supply Depot x2  
  93  6:38  Siege Tank  
  97  6:40  SCV  
  97  6:42  SCV  
  97  6:45  SCV  
  99  6:52  SCV, Refinery x2  
  100  6:55  SCV  
  100  6:56  Viking  
  100  6:58  Viking  
  100  6:59  Marine x4  
  100  7:00  Marine  
  108  7:04  SCV  
  108  7:06  Combat Shield  
  109  7:09  SCV  
  109  7:10  SCV, Siege Tank  
  109  7:14  Sensor Tower  
  114  7:16  SCV, Supply Depot  
  114  7:17  Marine x2  
  114  7:21  Supply Depot  
  117  7:23  Terran Infantry Weapons Level 1, Supply Depot  
  117  7:24  Terran Infantry Armor Level 1  
  117  7:36  SCV  
  117  7:37  SCV x2, Marine x3  
  117  7:42  Marine x2  
  124  7:47  Siege Tank  
  124  7:48  SCV  
  124  7:49  SCV, Supply Depot  
  124  7:50  Medivac x2  
  133  7:55  Marine  
  133  8:04  Supply Depot  
  133  8:05  Supply Depot  
  123  8:16  Supply Depot  
  123  8:24  Barracks  
  123  8:25  Barracks, SCV x2  
  123  8:26  Marine x5  
  131  8:27  SCV, Supply Depot  
  131  8:28  Supply Depot  
  131  8:38  SCV  
  131  8:39  SCV  
  131  8:42  Siege Tank  
  131  8:43  Medivac x2  
  131  8:44  Marine x2  
  131  8:46  Marine  
  141  8:49  Marine  
  141  8:51  Marine, Command Center  
  143  9:02  Marine  
  144  9:07  SCV x2  
  144  9:09  Marine x3  
  149  9:11  Armory  
  149  9:14  Supply Depot  
  149  9:18  Siege Tank  
  149  9:20  Marine, Medivac x2  
  150  9:26  Barracks Reactor  
  150  9:27  Marine x3  
  150  9:30  Barracks Reactor x2  
  150  9:32  Factory  
  150  9:38  Marine  
  151  9:44  Marine x2  
  151  9:45  Marine  
  154  9:46  Supply Depot x2  
  154  9:47  Supply Depot  
  154  9:50  Medivac x2  
  154  9:52  Siege Tank  
  161  9:55  Marine  
  161  9:58  SCV  
  161  9:59  SCV x2, Terran Infantry Armor Level 2, Terran Infantry Weapons Level 2, Supply Depot  
  164  10:02  Missile Turret, Marine  
  164  10:03  Marine x3  
  164  10:04  Marine  
  164  10:06  Marine  
  164  10:07  Marine x2  
  171  10:14  Marine x2  
  171  10:18  Siege Tank  
  171  10:19  Sensor Tower  
  171  10:20  Marine  
  171  10:21  Marine x2  
  177  10:29  Marine  
  177  10:33  Marine  
  177  10:35  Siege Tank  
  182  10:36  Marine  
  182  10:37  Marine  
  182  10:42  Medivac x2  
  188  10:43  SCV  
  188  10:47  Marine x5  
  188  10:48  Marine  
  195  10:50  Marine  
  195  10:51  Siege Tank  
  195  10:54  Marine  
  198  11:00  Planetary Fortress  
  198  11:01  Marine  
  198  11:03  Barracks, Marine  
  197  11:04  Barracks  
  197  11:06  Barracks, Marine x2  
  197  11:08  Marine  
  200  11:24  Siege Tank, Marine  
  191  11:25  Marine x2  
  191  11:26  Medivac  
  191  11:31  Marine x4  
  191  11:32  Marine  
  187  11:33  Siege Tank, Marine  
  187  11:34  Marine  
  187  11:42  Marine  
  187  11:43  Marine x2  
  190  11:49  Marine x5  
  190  11:51  Marine  
  190  11:52  Marine  
  189  11:55  Barracks Reactor x3  
  189  11:56  Medivac x2  
  189  11:57  Siege Tank  
  189  12:00  Marine  
  189  12:01  Marine x2  
  177  12:05  Siege Tank  
  177  12:07  Marine x5  
  183  12:09  Marine x2  
  185  12:18  Marine  
  185  12:19  Marine x2  
  188  12:25  Marine x5  
  188  12:27  Marine x2  
  188  12:29  Siege Tank  
  169  12:31  Marine x3  
  169  12:34  Marine  
  169  12:36  Marine x3  
  169  12:37  Siege Tank, Marine x2  
  171  12:42  Marine  
  171  12:43  Marine  
  177  12:48  Medivac x2  
  177  12:50  Marine  
  177  12:51  Marine x7  
  189  12:52  Marine  
  189  12:53  Marine  
  189  12:54  Marine  
  189  12:55  Marine x2  
  193  12:59  Marine  
  193  13:03  Marine  
  193  13:04  Marine  
  196  13:08  Marine  
Show
View Real Time Build Order
Export as new Build Order

TIME Terran 

Build Orders:  

Get SALT Encoding   

  12  0:01  SCV  
  13  0:13  SCV  
  14  0:17  Supply Depot  
  14  0:25  SCV  
  15  0:29  Refinery  
  15  0:39  SCV  
  16  0:44  Barracks  
  16  0:51  SCV  
  16  0:56  Refinery  
  17  1:03  SCV  
  18  1:15  SCV  
  19  1:33  Orbital Command, Reaper  
  19  1:37  Factory  
  20  1:45  Supply Depot  
  20  1:59  SCV  
  21  2:05  Reaper  
  22  2:11  SCV  
  25  2:23  SCV, Hellion  
  26  2:32  Command Center  
  26  2:37  Reaper  
  26  2:41  SCV  
  30  2:44  Hellion  
  30  2:50  Starport  
  30  2:53  SCV  
  31  3:01  Supply Depot  
  31  3:06  Factory Tech Lab  
  31  3:23  SCV  
  31  3:26  Cyclone, Barracks Tech Lab  
  35  3:34  Refinery  
  35  3:35  SCV  
  36  3:47  SCV, Orbital Command  
  37  3:51  Raven  
  39  4:00  SCV  
  40  4:03  Siege Tank  
  40  4:09  Command Center  
  43  4:12  SCV  
  43  4:14  Barracks Reactor  
  44  4:17  SCV  
  45  4:24  SCV  
  45  4:27  Supply Depot  
  45  4:29  SCV  
  47  4:34  Raven  
  47  4:38  SCV  
  50  4:41  SCV  
  49  4:50  SCV  
  49  4:51  Marine x2  
  51  4:53  SCV  
  51  4:55  Siege Tank  
  55  5:02  SCV  
  55  5:03  Refinery  
  55  5:06  SCV  
  57  5:14  SCV  
  57  5:18  SCV  
  59  5:23  Viking x2  
  59  5:25  Orbital Command  
  59  5:26  SCV, Marine  
  64  5:32  SCV  
  64  5:33  Siege Tank  
  67  5:38  Stimpack  
  67  5:39  SCV  
  68  5:44  SCV  
  68  5:46  Supply Depot  
  69  5:51  SCV  
  69  5:52  Orbital Command  
  69  5:56  SCV, Viking x2  
  75  5:59  Supply Depot  
  75  6:03  SCV  
  76  6:08  Siege Tank  
  76  6:09  Marine  
  76  6:10  SCV  
  81  6:15  SCV  
  82  6:21  Barracks x2, SCV  
  82  6:22  SCV  
  82  6:25  Supply Depot  
  84  6:27  SCV  
  84  6:29  Viking  
  84  6:32  Viking  
  89  6:33  SCV  
  89  6:36  SCV, Marine  
  92  6:42  SCV  
  93  6:48  SCV  
  93  6:49  SCV  
  95  6:54  Engineering Bay  
  95  6:55  SCV, Engineering Bay, Supply Depot  
  95  6:57  Siege Tank  
  95  7:00  SCV  
  100  7:04  SCV  
  101  7:11  Barracks Reactor  
  101  7:12  Barracks Reactor  
  101  7:14  Supply Depot  
  101  7:16  SCV x2, Viking x2  
  101  7:18  Supply Depot  
  101  7:20  SCV  
  101  7:22  Terran Infantry Armor Level 1, Terran Infantry Weapons Level 1  
  108  7:28  SCV  
  109  7:35  SCV x2, Marine  
  112  7:40  SCV  
  112  7:41  Barracks  
  112  7:43  Barracks, Refinery, Supply Depot  
  112  7:44  Siege Tank, Refinery  
  113  7:47  SCV  
  113  7:49  Viking  
  119  8:00  SCV, Viking  
  119  8:04  Marine x3  
  119  8:05  Marine  
  126  8:09  Marine  
  119  8:15  SCV  
  119  8:16  SCV  
  119  8:18  Siege Tank  
  119  8:19  SCV  
  125  8:22  Medivac, Marine x3, Supply Depot  
  125  8:24  Marine  
  125  8:25  Sensor Tower  
  125  8:27  SCV  
  132  8:28  Armory  
  132  8:30  Barracks Reactor x2  
  132  8:33  Medivac  
  131  8:34  Marine  
  131  8:41  Marine  
  130  8:42  Combat Shield  
  130  8:43  Marine x2  
  130  8:46  SCV  
  133  8:51  SCV  
  133  8:52  Marine x2  
  136  8:59  Marine  
  136  9:01  Marine x2  
  136  9:02  Siege Tank  
  141  9:05  Supply Depot  
  141  9:06  Supply Depot x2  
  141  9:08  Marine, Medivac x2  
  146  9:11  Marine  
  146  9:13  SCV  
  146  9:14  Marine  
  149  9:22  Terran Infantry Weapons Level 2  
  149  9:24  Command Center  
  149  9:26  Terran Infantry Armor Level 2  
  149  9:27  SCV, Marine  
  149  9:29  Marine, Supply Depot  
  152  9:33  Marine x2, Supply Depot  
  152  9:35  Marine x3  
  157  9:40  Siege Tank  
  160  9:49  Marine x2  
  162  9:53  Marine, Medivac x2  
  162  9:54  Marine x2  
  162  9:55  Factory, Marine  
  162  9:57  Terran Vehicle Weapons Level 1  
  162  9:58  Marine  
  171  10:00  SCV  
  171  10:03  Marine  
  171  10:04  Marine  
  171  10:05  Missile Turret  
  169  10:12  Missile Turret  
  169  10:13  Missile Turret  
  169  10:14  Marine x2  
  169  10:18  SCV  
  169  10:19  Marine x2  
  169  10:21  Siege Tank, Marine x2  
  178  10:26  Marine  
  180  10:30  Marine  
  180  10:34  Marine x2  
  182  10:37  Marine x2  
  182  10:40  Factory Tech Lab  
  182  10:41  Marine x2  
  186  10:46  Marine  
  185  10:53  Marine x2  
  186  11:00  Marine x2  
  186  11:01  Siege Tank  
  171  11:04  Siege Tank, Marine x4  
  171  11:07  SCV  
  171  11:08  Marine  
  171  11:11  Marine x2, Medivac x2  
  178  11:14  SCV  
  178  11:17  Marine x2  
  185  11:22  Marine  
  183  11:29  Marine  
  183  11:32  Marine x5  
  173  11:34  Siege Tank  
  173  11:35  SCV, Marine x2  
  173  11:36  SCV  
  173  11:38  SCV  
  179  11:40  Marine  
  178  11:47  Marine  
  178  11:48  SCV  
  178  11:51  Marine  
  160  11:55  Marine  
  160  11:56  SCV  
  160  11:57  SCV, Marine  
  160  11:58  Siege Tank, Marine x2  
  160  12:00  SCV  
  159  12:05  Marine  
  159  12:06  Marine  
  161  12:08  SCV  
  161  12:09  SCV  
  161  12:11  Marine x2  
  161  12:12  Marine  
  166  12:16  Siege Tank  
  166  12:17  Marine  
  166  12:20  Marine  
  167  12:29  Marine x2  
  149  12:30  Marine x2  
  149  12:31  Marine x3  
  149  12:35  Marine, Planetary Fortress  
  154  12:39  SCV  
  154  12:42  Marine  
  156  12:47  Marine x2  
  156  12:49  Marine  
  156  12:50  Marine x2  
  154  12:53  Marine  
  154  12:57  Marine x2  
  151  13:07  Marine x3  
  151  13:08  Marine x2  
Tags
 
Add a new tag
Caveats
  • Supply blocks, unpowered buildings, or Contaminate may cause inaccurate times.
  • Supply counts are checked every 10 seconds.